Workbook
Name AddLoans: '1-StartingPoint'!$D$36
Name Advertising: '1-StartingPoint'!$C$26
Name Annual_Interest_Rate: #REF!
Name Beg_Bal: #REF!
Name Buildings: '1-StartingPoint'!$C$10
Name Category1: #REF!
Name Category1_Annual_Sales: #REF!
Name Category1_SalesPrice: #REF!
Name Category2: #REF!
Name Category2_Annual_Sales: #REF!
Name Category2_SalesPrice: #REF!
Name Category3: #REF!
Name Category3_Annual_Sales: #REF!
Name Category3_SalesPrice: #REF!
Name Category4: #REF!
Name Category4_Annual_Sales: #REF!
Name Category4_SalesPrice: #REF!
Name Category5: #REF!
Name Category5_Annual_Sales: #REF!
Name Category5_SalesPrice: #REF!
Name Category6: #REF!
Name Category6_Annual_Sales: #REF!
Name Category6_SalesPrice: #REF!
Name Catergory6: #REF!
Name CCDebt: '1-StartingPoint'!$D$39
Name COGS_Annual_Total: #REF!
Name CommLoan: '1-StartingPoint'!$D$37
Name CommMortgage: '1-StartingPoint'!$D$38
Name ContingencyCash: '1-StartingPoint'!#REF!
Name Equipment: '1-StartingPoint'!$C$12
Name Extra_Pay: #REF!
Name Furniture: '1-StartingPoint'!$C$13
Name Growth_Rate_Yr2: #REF!
Name Growth_Rate_Yr3: #REF!
Name Info_Entered: #REF!
Name Int: #REF!
Name InterestRate_ShortTerm: #REF!
Name Inventory: '1-StartingPoint'!$C$21
Name Land: '1-StartingPoint'!$C$9
Name Last_Row: IF(Values_Entered,Header_Row+Number_of_Payments,Header_Row)
Name LeaseImprovements: '1-StartingPoint'!$C$11
Name LegalAcctFees: '1-StartingPoint'!$C$22
Name Licenses: '1-StartingPoint'!$C$27
Name Loan_Amount: #REF!
Name Loan_Term_Years: #REF!
Name LoanAmount_ShortTerm: #REF!
Name LoanTermYears_ShortTerm: #REF!
Name Margin_Annual_Total: #REF!
Name Misc_Expenses: 'OpEx & CashFlow'!$V$20
Name Monthly_Payment_LongTerm: #REF!
Name NetIncomeY1: #REF!
Name NetIncomeY2: #REF!
Name NetIncomeY3: #REF!
Name Number_of_Payments: MATCH(0.01,End_Bal,-1)+1
Name OfficeSupplies_Expenses: 'OpEx & CashFlow'!$V$21
Name Other_Expenses: 'OpEx & CashFlow'!$V$22
Name OtherBankDebt: '1-StartingPoint'!$D$41
Name OtherFixedAssets: '1-StartingPoint'!$C$15
Name OtherStartUp: '1-StartingPoint'!$C$28
Name OutsideInvest: '1-StartingPoint'!$D$35

Sheet Directions
B3: Step 1 - Enter info about your company in yellow shaded boxes below.
C5: Preparer Name | D5: Company Name | E5: Starting Month | F5: Starting Year
C6: Jevin Tan | D6: SIMIS.AI | E6: January | F6: 2027
C10: =IF(ISBLANK(E6),-10000,MONTH(DATEVALUE(E6&" 1"))) -> -10000
B12: =IF(Directions!$C$10>0,CHOOSE(Directions!$C$10,"January","February","March","April","May","June","July","August","September","October","November","December"),"Month 1") -> Month 1 | C12: =IF(Directions!$C$10+1>12,CHOOSE(Directions!$C$10+1-12,"January","February","March","April","May","June","July","August","September","October","November","December"),IF(Directions!$C$10<0,"Month 2",(CHOOSE(Directions!$C$10+1,"January","February","March","April","May","June","July","August","September","October","November","December")))) -> Month 2 | D12: =IF(Directions!$C$10+2>12,CHOOSE(Directions!$C$10+2-12,"January","February","March","April","May","June","July","August","September","October","November","December"),IF(Directions!$C$10<0,"Month 3",CHOOSE(Directions!$C$10+2,"January","February","March","April","May","June","July","August","September","October","November","December"))) -> Month 3 | E12: =IF(Directions!$C$10+3>12,CHOOSE(Directions!$C$10+3-12,"January","February","March","April","May","June","July","August","September","October","November","December"),IF(Directions!$C$10<0,"Month 4",CHOOSE(Directions!$C$10+3,"January","February","March","April","May","June","July","August","September","October","November","December"))) -> Month 4 | F12: =IF(Directions!$C$10+4>12,CHOOSE(Directions!$C$10+4-12,"January","February","March","April","May","June","July","August","September","October","November","December"),IF(Directions!$C$10<0,"Month 5",CHOOSE(Directions!$C$10+4,"January","February","March","April","May","June","July","August","September","October","November","December"))) -> Month 5 | G12: =IF(Directions!$C$10+5>12,CHOOSE(Directions!$C$10+5-12,"January","February","March","April","May","June","July","August","September","October","November","December"),IF(Directions!$C$10<0,"Month 6",CHOOSE(Directions!$C$10+5,"January","February","March","April","May","June","July","August","September","October","November","December"))) -> Month 6 | H12: =IF(Directions!$C$10+6>12,CHOOSE(Directions!$C$10+6-12,"January","February","March","April","May","June","July","August","September","October","November","December"),IF(Directions!$C$10<0,"Month 7",CHOOSE(Directions!$C$10+6,"January","February","March","April","May","June","July","August","September","October","November","December"))) -> Month 7 | I12: =IF(Directions!$C$10+7>12,CHOOSE(Directions!$C$10+7-12,"January","February","March","April","May","June","July","August","September","October","November","December"),IF(Directions!$C$10<0,"Month 8",CHOOSE(Directions!$C$10+7,"January","February","March","April","May","June","July","August","September","October","November","December"))) -> Month 8 | J12: =IF(Directions!$C$10+8>12,CHOOSE(Directions!$C$10+8-12,"January","February","March","April","May","June","July","August","September","October","November","December"),IF(Directions!$C$10<0,"Month 9",CHOOSE(Directions!$C$10+8,"January","February","March","April","May","June","July","August","September","October","November","December"))) -> Month 9 | K12: =IF(Directions!$C$10+9>12,CHOOSE(Directions!$C$10+9-12,"January","February","March","April","May","June","July","August","September","October","November","December"),IF(Directions!$C$10<0,"Month 10",CHOOSE(Directions!$C$10+9,"January","February","March","April","May","June","July","August","September","October","November","December"))) -> Month 10 | L12: =IF(Directions!$C$10+10>12,CHOOSE(Directions!$C$10+10-12,"January","February","March","April","May","June","July","August","September","October","November","December"),IF(Directions!$C$10<0,"Month 11",CHOOSE(Directions!$C$10+10,"January","February","March","April","May","June","July","August","September","October","November","December"))) -> Month 11 | M12: =IF(Directions!$C$10+11>12,CHOOSE(Directions!$C$10+11-12,"January","February","March","April","May","June","July","August","September","October","November","December"),IF(Directions!$C$10<0,"Month 12",CHOOSE(Directions!$C$10+11,"January","February","March","April","May","June","July","August","September","October","November","December"))) -> Month 12 | N12: =IF(Directions!$C$10+12>12,CHOOSE(Directions!$C$10+11-12,"January","February","March","April","May","June","July","August","September","October","November","December"),IF(Directions!$C$10<0,"Month 12",CHOOSE(Directions!$C$10+11,"January","February","March","April","May","June","July","August","September","October","November","December"))) -> Month 12

Sheet 1-StartingPoint
B2: Start-up Expenses Sheet Year 1 (Starting Balance Sheet)
B3: Please only insert amount in Cell C22 & C29.
B4: Prepared By: | C4: Company Name:
B5: =IF(ISBLANK(Directions!C6), "Owner", Directions!C6) -> Owner | C5: =IF(ISBLANK(Directions!D6), "Company 1", Directions!D6) -> Company 1
B7: Fixed Assets | C7: Amount | D7: Depreciation (years) | E7: Notes
B10: Real Estate-Land & Buildings | C10: 0 | D10: 5 | E10: Illustrative assumption; replace if asset-specific
B11: Leasehold Improvements | C11: 0 | D11: 5 | E11: Illustrative assumption; replace if asset-specific
B12: Equipment | C12: 0 | D12: 5 | E12: Illustrative assumption; replace if asset-specific
B13: Furniture and Fixtures | C13: 0 | D13: 5 | E13: Illustrative assumption; replace if asset-specific
B14: Vehicles | C14: 0 | D14: 5 | E14: Illustrative assumption; replace if asset-specific
B15: Other Fixed Assets | C15: 0 | D15: 5 | E15: Illustrative assumption; replace if asset-specific
B16: Total Fixed Assets | C16: =SUM(C9:C15) -> 0
B17: Please only insert amount in Cell C22 & C29.
B18: Operating Capital | C18: Amount | D18: Notes
B19: Pre-Opening Salaries and Wages
B20: Prepaid Insurance Premiums
B21: Inventory
B22: Legal and Accounting Fees | C22: 0
B23: Rent Deposits
B24: Utility Deposits
B25: Supplies
B26: Advertising and Promotions
B27: Licenses
B28: Other Initial Start-Up Costs
B29: Working Capital (Cash On Hand) | C29: 0
B30: Total Operating Capital | C30: =SUM(C19:C29) -> 101000
B31: Total Required Funds | C31: =C16+C30 -> 101000
B33: Sources of Funding | C33: Percentage | D33: Totals | E33: Loan Rate | F33: Term in Months | G33: Monthly Payments | H33: Notes
B34: Owner's Equity | C34: =IF($C$31=0,0,D34/$C$31) -> 0.99009901 | D34: 0
B35: Outside Investors | C35: =IF($C$31=0,0,D35/$C$31) -> 0
B36: Additional Loans or Debt
B37: Commercial Loan | C37: =IF($C$31=0,0,D37/$C$31) -> 0.0099009901 | D37: 0 | E37: 0.1 | F37: 30 | G37: =PMT(E37/12,F37,-D37) -> 37.81141
B38: Commercial Mortgage | C38: =IF($C$31=0,0,D38/$C$31) -> 0 | E38: 0.09 | F38: 240 | G38: =PMT(E38/12,F38,-D38) -> 0 | J38: See Loan Amortization & Depreciation Schedule
B39: Credit Card Debt | C39: =IF($C$31=0,0,D39/$C$31) -> 0 | E39: 0.07 | F39: 60 | G39: =PMT(E39/12,F39,-D39) -> 0
B40: Vehicle Loans | C40: =IF($C$31=0,0,D40/$C$31) -> 0 | E40: 0.06 | F40: 48 | G40: =PMT(E40/12,F40,-D40) -> 0
B41: Other Bank Debt | C41: =IF($C$31=0,0,D41/$C$31) -> 0 | E41: 0.05 | F41: 36 | G41: =PMT(E41/12,F41,-D41) -> 0
B42: Total Sources of Funding | C42: =IF($C$31=0,0,D42/$C$31) -> 1 | D42: =SUM(D34:D41) -> 101000 | E42: Cell D 42 must equal cell C31 | G42: =SUM(G37:G41) -> 37.81141
B43: Total Funding Needed | D43: =C31-D42 -> 0 | E43: =IF(D43>0,"You require more funding (Not Balanced)",IF(D43<0,"Your funding exceeds your needs (Not Balanced)","You are fully funded (Balanced)")) -> You are fully funded (Balanced)
B46: It was pleasure to see you all at Module 2 of Entrepreneurship Bootcamp on 26th Sept. As discussed, enclosed is Excel tool for developing 36 months Cash Flow & Profit / Loss. Please read instruction/s on each of the worksheet carefully. Keep on watching cell D46 of balance sheet. It should always show ‘Balanced’. 1. Inputs are to be made in worksheet, i. Payroll ii. Sales FC iii. Additional Inputs iv. If needed in COGS calculator. (Cost of goods sold calculator). 2. You can see the outcome (based on your inputs) in worksheet, i. Cash Flow ii. Income P&L iii. Balance Sheet. 3. Please do not touch /change anything in Amortization & Depreciation worksheet. This tool is to help you with • Assimilate • Understand • Reflect This is iterative tool – that will help you to work with SMART Innovation Center’s framework of Adaptive Innovation™. If you need any help with this – please feel free to reach me. UDay Monday, September 28, 2015

Sheet Payroll
A1: Please insert manpower requiremnts = that should be in line with your 'Action / Resource Plan'. You can add as many rows you need to fit your situation. Please insert the rows (in needed) before Row 9 & /or before Row 19.
A2: Manpower requirements Company Name:
A3: Employee Types | B3: =Directions!$B$12 -> Month 1 | C3: =Directions!$C$12 -> Month 2 | D3: =Directions!$D$12 -> Month 3 | E3: =Directions!$E$12 -> Month 4 | F3: =Directions!$F$12 -> Month 5 | G3: =Directions!$G$12 -> Month 6 | H3: =Directions!$H$12 -> Month 7 | I3: =Directions!$I$12 -> Month 8 | J3: =Directions!$J$12 -> Month 9 | K3: =Directions!$K$12 -> Month 10 | L3: =Directions!$L$12 -> Month 11 | M3: =Directions!$M$12 -> Month 12 | N3: Month 13 | O3: Month 14 | P3: Month 15 | Q3: Month 16 | R3: Month 17 | S3: Month 18 | T3: Month 19 | U3: Month 20 | V3: Month 21 | W3: Month 22 | X3: Month 23 | Y3: Month 24 | Z3: Month 25 | AA3: Month 26 | AB3: Month 27 | AC3: Month 28 | AD3: Month 29 | AE3: Month 30 | AF3: Month 31 | AG3: Month 32 | AH3: Month 33 | AI3: Month 34 | AJ3: Month 35 | AK3: Month 36 | AL3: Totals 36 Months
A4: Founder - Jevin | B4: 3000 | C4: 3000 | D4: 3000 | E4: 3000 | F4: 3000 | G4: 3000 | H4: 3000 | I4: 3000 | J4: 3000 | K4: 3000 | L4: 3000 | M4: 3000 | N4: 3000 | O4: 3000 | P4: 3000 | Q4: 3000 | R4: 3000 | S4: 3000 | T4: 3000 | U4: 3000 | V4: 3000 | W4: 3000 | X4: 3000 | Y4: 3000 | Z4: 3000 | AA4: 3000 | AB4: 3000 | AC4: 3000 | AD4: 3000 | AE4: 3000 | AF4: 3000 | AG4: 3000 | AH4: 3000 | AI4: 3000 | AJ4: 3000 | AK4: 3000 | AL4: =SUM(B4:AK4) -> 240000
A5: Founder - Jenxi | B5: 3000 | C5: 3000 | D5: 3000 | E5: 3000 | F5: 3000 | G5: 3000 | H5: 3000 | I5: 3000 | J5: 3000 | K5: 3000 | L5: 3000 | M5: 3000 | N5: 3000 | O5: 3000 | P5: 3000 | Q5: 3000 | R5: 3000 | S5: 3000 | T5: 3000 | U5: 3000 | V5: 3000 | W5: 3000 | X5: 3000 | Y5: 3000 | Z5: 3000 | AA5: 3000 | AB5: 3000 | AC5: 3000 | AD5: 3000 | AE5: 3000 | AF5: 3000 | AG5: 3000 | AH5: 3000 | AI5: 3000 | AJ5: 3000 | AK5: 3000 | AL5: =SUM(B5:AK5) -> 192000
A6: Raymond - AI / CV Lead | B6: 6000 | C6: 6000 | D6: 6000 | E6: 6000 | F6: 6000 | G6: 6000 | H6: 6000 | I6: 6000 | J6: 6000 | K6: 6000 | L6: 6000 | M6: 6000 | N6: 6000 | O6: 6000 | P6: 6000 | Q6: 6000 | R6: 6000 | S6: 6000 | T6: 6000 | U6: 6000 | V6: 6000 | W6: 6000 | X6: 6000 | Y6: 6000 | Z6: 6000 | AA6: 6000 | AB6: 6000 | AC6: 6000 | AD6: 6000 | AE6: 6000 | AF6: 6000 | AG6: 6000 | AH6: 6000 | AI6: 6000 | AJ6: 6000 | AK6: 6000 | AL6: =SUM(B6:AK6) -> 222000
A7: Outsourced Indonesia technical developer | B7: 0 | C7: 0 | D7: 0 | E7: 0 | F7: 0 | G7: 0 | H7: 3000 | I7: 3000 | J7: 3000 | K7: 3000 | L7: 3000 | M7: 3000 | N7: 3000 | O7: 3000 | P7: 3000 | Q7: 3000 | R7: 3000 | S7: 3000 | T7: 3000 | U7: 3000 | V7: 3000 | W7: 3000 | X7: 3000 | Y7: 3000 | Z7: 3000 | AA7: 3000 | AB7: 3000 | AC7: 3000 | AD7: 3000 | AE7: 3000 | AF7: 3000 | AG7: 3000 | AH7: 3000 | AI7: 3000 | AJ7: 3000 | AK7: 3000 | AL7: =SUM(B7:AK7) -> 170000
A8: Singapore implementation / customer success | B8: 0 | C8: 0 | D8: 0 | E8: 0 | F8: 0 | G8: 0 | H8: 0 | I8: 0 | J8: 0 | K8: 0 | L8: 0 | M8: 0 | N8: 0 | O8: 0 | P8: 0 | Q8: 0 | R8: 0 | S8: 0 | T8: 4500 | U8: 4500 | V8: 4500 | W8: 4500 | X8: 4500 | Y8: 4500 | Z8: 4500 | AA8: 4500 | AB8: 4500 | AC8: 4500 | AD8: 4500 | AE8: 4500 | AF8: 4500 | AG8: 4500 | AH8: 4500 | AI8: 4500 | AJ8: 4500 | AK8: 4500 | AL8: =SUM(B8:AK8) -> 240000
A9: Singapore sales / operations | B9: 0 | C9: 0 | D9: 0 | E9: 0 | F9: 0 | G9: 0 | H9: 0 | I9: 0 | J9: 0 | K9: 0 | L9: 0 | M9: 0 | N9: 0 | O9: 0 | P9: 0 | Q9: 0 | R9: 0 | S9: 0 | T9: 0 | U9: 0 | V9: 0 | W9: 0 | X9: 0 | Y9: 0 | Z9: 4000 | AA9: 4000 | AB9: 4000 | AC9: 4000 | AD9: 4000 | AE9: 4000 | AF9: 4000 | AG9: 4000 | AH9: 4000 | AI9: 4000 | AJ9: 4000 | AK9: 4000 | AL9: =SUM(B9:AK9) -> 185000
A10: Total Salaries and Wages | B10: =SUM(B4:B9) -> 19000 | C10: =SUM(C4:C9) -> 33000 | D10: =SUM(D4:D9) -> 33000 | E10: =SUM(E4:E9) -> 33000 | F10: =SUM(F4:F9) -> 33000 | G10: =SUM(G4:G9) -> 33000 | H10: =SUM(H4:H9) -> 36000 | I10: =SUM(I4:I9) -> 31000 | ... AK10: =SUM(AK4:AK9) -> 36000 | AL10: =SUM(B10:AK10) -> 1249000
A12: Payroll Taxes and Benefits | B12: =B3 -> Month 1 | C12: =C3 -> Month 2 | D12: =D3 -> Month 3 | E12: =E3 -> Month 4 | F12: =F3 -> Month 5 | G12: =G3 -> Month 6 | H12: =H3 -> Month 7 | I12: =I3 -> Month 8 | ... AL12: =AL3 -> Totals 36 Months
A13: CPF Employer | B13: 2040 | C13: 2040 | D13: 2040 | E13: 2040 | F13: 2040 | G13: 2040 | H13: 2040 | I13: 2040 | J13: 2040 | K13: 2040 | L13: 2040 | M13: 2040 | N13: 2040 | O13: 2040 | P13: 2040 | Q13: 2040 | R13: 2040 | S13: 2040 | T13: 2805 | U13: 2805 | V13: 2805 | W13: 2805 | X13: 2805 | Y13: 2805 | Z13: 3485 | AA13: 3485 | AB13: 3485 | AC13: 3485 | AD13: 3485 | AE13: 3485 | AF13: 3485 | AG13: 3485 | AH13: 3485 | AI13: 3485 | AJ13: 3485 | AK13: 3485 | AL13: =SUM(B13:AK13) -> 21700
A14: SDL (employer levy) | B14: 26.25 | C14: 26.25 | D14: 26.25 | E14: 26.25 | F14: 26.25 | G14: 26.25 | H14: 26.25 | I14: 26.25 | J14: 26.25 | K14: 26.25 | L14: 26.25 | M14: 26.25 | N14: 26.25 | O14: 26.25 | P14: 26.25 | Q14: 26.25 | R14: 26.25 | S14: 26.25 | T14: 37.5 | U14: 37.5 | V14: 37.5 | W14: 37.5 | X14: 37.5 | Y14: 37.5 | Z14: 47.5 | AA14: 47.5 | AB14: 47.5 | AC14: 47.5 | AD14: 47.5 | AE14: 47.5 | AF14: 47.5 | AG14: 47.5 | AH14: 47.5 | AI14: 47.5 | AJ14: 47.5 | AK14: 47.5 | AL14: =SUM(B14:AK14) -> 5250
A15: Worker's Compensation | B15: 0 | C15: 0 | D15: 0 | E15: 0 | F15: 0 | G15: 0 | H15: 0 | I15: 0 | J15: 0 | K15: 0 | L15: 0 | M15: 0 | N15: 0 | O15: 0 | P15: 0 | Q15: 0 | R15: 0 | S15: 0 | T15: 0 | U15: 0 | V15: 0 | W15: 0 | X15: 0 | Y15: 0 | Z15: 0 | AA15: 0 | AB15: 0 | AC15: 0 | AD15: 0 | AE15: 0 | AF15: 0 | AG15: 0 | AH15: 0 | AI15: 0 | AJ15: 0 | AK15: 0 | AL15: =SUM(B15:AK15) -> 0
A16: Employee medical / insurance allowance | B16: 0 | C16: 0 | D16: 0 | E16: 0 | F16: 0 | G16: 0 | H16: 0 | I16: 0 | J16: 0 | K16: 0 | L16: 0 | M16: 0 | N16: 0 | O16: 0 | P16: 0 | Q16: 0 | R16: 0 | S16: 0 | T16: 0 | U16: 0 | V16: 0 | W16: 0 | X16: 0 | Y16: 0 | Z16: 0 | AA16: 0 | AB16: 0 | AC16: 0 | AD16: 0 | AE16: 0 | AF16: 0 | AG16: 0 | AH16: 0 | AI16: 0 | AJ16: 0 | AK16: 0 | AL16: =SUM(B16:AK16) -> 0
A17: Employee Pension Programs | B17: 0 | C17: 0 | D17: 0 | E17: 0 | F17: 0 | G17: 0 | H17: 0 | I17: 0 | J17: 0 | K17: 0 | L17: 0 | M17: 0 | N17: 0 | O17: 0 | P17: 0 | Q17: 0 | R17: 0 | S17: 0 | T17: 0 | U17: 0 | V17: 0 | W17: 0 | X17: 0 | Y17: 0 | Z17: 0 | AA17: 0 | AB17: 0 | AC17: 0 | AD17: 0 | AE17: 0 | AF17: 0 | AG17: 0 | AH17: 0 | AI17: 0 | AJ17: 0 | AK17: 0 | AL17: =SUM(B17:AK17) -> 0
A18: Paid Maternity Benefits | B18: 0 | C18: 0 | D18: 0 | E18: 0 | F18: 0 | G18: 0 | H18: 0 | I18: 0 | J18: 0 | K18: 0 | L18: 0 | M18: 0 | N18: 0 | O18: 0 | P18: 0 | Q18: 0 | R18: 0 | S18: 0 | T18: 0 | U18: 0 | V18: 0 | W18: 0 | X18: 0 | Y18: 0 | Z18: 0 | AA18: 0 | AB18: 0 | AC18: 0 | AD18: 0 | AE18: 0 | AF18: 0 | AG18: 0 | AH18: 0 | AI18: 0 | AJ18: 0 | AK18: 0 | AL18: =SUM(B18:AK18) -> 0
A19: Other Employee Benefit Programs | B19: 0 | C19: 0 | D19: 0 | E19: 0 | F19: 0 | G19: 0 | H19: 0 | I19: 0 | J19: 0 | K19: 0 | L19: 0 | M19: 0 | N19: 0 | O19: 0 | P19: 0 | Q19: 0 | R19: 0 | S19: 0 | T19: 0 | U19: 0 | V19: 0 | W19: 0 | X19: 0 | Y19: 0 | Z19: 0 | AA19: 0 | AB19: 0 | AC19: 0 | AD19: 0 | AE19: 0 | AF19: 0 | AG19: 0 | AH19: 0 | AI19: 0 | AJ19: 0 | AK19: 0 | AL19: =SUM(B19:AK19) -> 0
A20: Total Payroll Taxes and Benefits | B20: =SUM(B13:B19) -> 200 | C20: =SUM(C13:C19) -> 200 | D20: =SUM(D13:D19) -> 200 | E20: =SUM(E13:E19) -> 200 | F20: =SUM(F13:F19) -> 100 | G20: =SUM(G13:G19) -> 800 | H20: =SUM(H13:H19) -> 800 | I20: =SUM(I13:I19) -> 800 | ... AK20: =SUM(AK13:AK19) -> 850 | AL20: =SUM(B20:AK20) -> 26950
A22: Total Salaries and Related Expenses | B22: =B10+B20 -> 19200 | C22: =C10+C20 -> 33200 | D22: =D10+D20 -> 33200 | E22: =E10+E20 -> 33200 | F22: =F10+F20 -> 33100 | G22: =G10+G20 -> 33800 | H22: =H10+H20 -> 36800 | I22: =I10+I20 -> 31800 | ... AL22: =AL10+AL20 -> 1275950
A23: Row 22 in linked to next sheet = and will be auto updated in the next sheet. Next Sheet Row #35.
B24: =B3 -> Month 1 | C24: =C3 -> Month 2 | D24: =D3 -> Month 3 | E24: =E3 -> Month 4 | F24: =F3 -> Month 5 | G24: =G3 -> Month 6 | H24: =H3 -> Month 7 | I24: =I3 -> Month 8 | ... AL24: =AL3 -> Totals 36 Months
A27: Planning assumptions: Month 7 Indonesia outsourced technical developer S$3,000/month; Month 19 Singapore implementation/customer-success hire S$4,500/month; Month 25 Singapore sales/operations hire S$4,000/month. CPF/SDL apply only to Singapore employees; contractor treatment and rates require confirmation. Employee income tax is not an employer cash expense.

Sheet OpEx & CashFlow
B2: Operating Expenses 18 Months
B4: Prepared By: | C4: Company Name: | T4: Company Name:
B5: =IF(ISBLANK(Directions!C6), "Owner", Directions!C6) -> Owner | C5: =IF(ISBLANK(Directions!D6), "Company 1", Directions!D6) -> Company 1 | T5: =IF(ISBLANK(Directions!U6), "Company 1", Directions!U6) -> Company 1
B7: Please insert manpower requiremnts = that should be in line with your 'Action / Resource Plan'. You can add as many rows you need to fit your situation. Please insert the rows (in needed) before Row 25 & /or before Row 32.
B8: Other Resources Planning - Apart from manpower planning. Operating Expenses 36 Months
B9: Cash Flow Plan 36 Months. | C9: Month 1 | D9: Month 2 | E9: Month 3 | F9: Month 4 | G9: Month 5 | H9: Month 6 | I9: Month 7 | J9: Month 8 | K9: Month 9 | L9: Month 10 | M9: Month 11 | N9: Month 12 | O9: Month 13 | P9: Month 14 | Q9: Month 15 | R9: Month 16 | S9: Month 17 | T9: Month 18 | U9: Month19 | V9: Month 20 | W9: Month 21 | X9: Month 22 | Y9: Month 23 | Z9: Month 24 | AA9: Month 25 | AB9: Month 26 | AC9: Month 27 | AD9: Month 28 | AE9: Month 29 | AF9: Month 30 | AG9: Month 31 | AH9: Month 32 | AI9: Month 33 | AJ9: Month 34 | AK9: Month 35 | AL9: Month 36 | AM9: Total for Month 36
B10: Expenses
B11: Marketing / advertising | C11: 300 | D11: 300 | E11: 300 | F11: 300 | G11: 300 | H11: 300 | I11: 800 | J11: 800 | K11: 800 | L11: 800 | M11: 800 | N11: 800 | O11: 800 | P11: 800 | Q11: 800 | R11: 800 | S11: 800 | T11: 800 | U11: 800 | V11: 800 | W11: 800 | X11: 800 | Y11: 800 | Z11: 800 | AA11: 800 | AB11: 800 | AC11: 800 | AD11: 800 | AE11: 800 | AF11: 800 | AG11: 800 | AH11: 800 | AI11: 800 | AJ11: 800 | AK11: 800 | AL11: 800 | AM11: =SUM(C11:AL11) -> 13000
B12: Product QA / testing and system-tweaking support | C12: 500 | D12: 2000 | E12: 500 | F12: 2000 | G12: 500 | H12: 2000 | I12: 500 | J12: 500 | K12: 500 | L12: 500 | M12: 500 | N12: 500 | O12: 500 | P12: 500 | Q12: 500 | R12: 500 | S12: 500 | T12: 500 | U12: 500 | V12: 500 | W12: 500 | X12: 500 | Y12: 500 | Z12: 500 | AA12: 500 | AB12: 500 | AC12: 500 | AD12: 500 | AE12: 500 | AF12: 500 | AG12: 500 | AH12: 500 | AI12: 500 | AJ12: 500 | AK12: 500 | AL12: 500 | AM12: =SUM(C12:AL12) -> 50000
B13: Payment processing / commissions | C13: 0 | D13: 0 | E13: 0 | F13: 0 | G13: 0 | H13: 0 | I13: 0 | J13: 0 | K13: 0 | L13: 0 | M13: 0 | N13: 0 | O13: 0 | P13: 0 | Q13: 0 | R13: 0 | S13: 0 | T13: 0 | U13: 0 | V13: 0 | W13: 0 | X13: 0 | Y13: 0 | Z13: 0 | AA13: 0 | AB13: 0 | AC13: 0 | AD13: 0 | AE13: 0 | AF13: 0 | AG13: 0 | AH13: 0 | AI13: 0 | AJ13: 0 | AK13: 0 | AL13: 0 | AM13: =SUM(C13:AL13) -> 0
B14: Outsourced Indonesia developer / technical support | C14: 0 | D14: 0 | E14: 0 | F14: 0 | G14: 0 | H14: 0 | I14: 3000 | J14: 3000 | K14: 3000 | L14: 3000 | M14: 3000 | N14: 3000 | O14: 3000 | P14: 3000 | Q14: 3000 | R14: 3000 | S14: 3000 | T14: 3000 | U14: 3000 | V14: 3000 | W14: 3000 | X14: 3000 | Y14: 3000 | Z14: 3000 | AA14: 3000 | AB14: 3000 | AC14: 3000 | AD14: 3000 | AE14: 3000 | AF14: 3000 | AG14: 3000 | AH14: 3000 | AI14: 3000 | AJ14: 3000 | AK14: 3000 | AL14: 3000 | AM14: =SUM(C14:AL14) -> 0
B15: Business insurance | C15: 150 | D15: 150 | E15: 150 | F15: 150 | G15: 150 | H15: 150 | I15: 150 | J15: 150 | K15: 150 | L15: 150 | M15: 150 | N15: 150 | O15: 150 | P15: 150 | Q15: 150 | R15: 150 | S15: 150 | T15: 150 | U15: 150 | V15: 150 | W15: 150 | X15: 150 | Y15: 150 | Z15: 150 | AA15: 150 | AB15: 150 | AC15: 150 | AD15: 150 | AE15: 150 | AF15: 150 | AG15: 150 | AH15: 150 | AI15: 150 | AJ15: 150 | AK15: 150 | AL15: 150 | AM15: =SUM(C15:AL15) -> 0
B16: Accounting / legal / tax support | C16: 500 | D16: 500 | E16: 500 | F16: 500 | G16: 500 | H16: 500 | I16: 500 | J16: 500 | K16: 500 | L16: 500 | M16: 500 | N16: 500 | O16: 500 | P16: 500 | Q16: 500 | R16: 500 | S16: 500 | T16: 500 | U16: 500 | V16: 500 | W16: 500 | X16: 500 | Y16: 500 | Z16: 500 | AA16: 500 | AB16: 500 | AC16: 500 | AD16: 500 | AE16: 500 | AF16: 500 | AG16: 500 | AH16: 500 | AI16: 500 | AJ16: 500 | AK16: 500 | AL16: 500 | AM16: =SUM(C16:AL16) -> 35000
B17: SaaS / software licences | C17: 500 | D17: 500 | E17: 500 | F17: 500 | G17: 500 | H17: 500 | I17: 500 | J17: 500 | K17: 500 | L17: 500 | M17: 500 | N17: 500 | O17: 500 | P17: 500 | Q17: 500 | R17: 500 | S17: 500 | T17: 500 | U17: 500 | V17: 500 | W17: 500 | X17: 500 | Y17: 500 | Z17: 500 | AA17: 500 | AB17: 500 | AC17: 500 | AD17: 500 | AE17: 500 | AF17: 500 | AG17: 500 | AH17: 500 | AI17: 500 | AJ17: 500 | AK17: 500 | AL17: 500 | AM17: =SUM(C17:AL17) -> 0
B18: Reusable trial systems / prototype equipment | C18: 15000 | D18: 0 | E18: 0 | F18: 0 | G18: 0 | H18: 0 | I18: 0 | J18: 0 | K18: 0 | L18: 0 | M18: 0 | N18: 0 | O18: 0 | P18: 0 | Q18: 0 | R18: 0 | S18: 0 | T18: 0 | U18: 0 | V18: 0 | W18: 0 | X18: 0 | Y18: 0 | Z18: 0 | AA18: 0 | AB18: 0 | AC18: 0 | AD18: 0 | AE18: 0 | AF18: 0 | AG18: 0 | AH18: 0 | AI18: 0 | AJ18: 0 | AK18: 0 | AL18: 0 | AM18: =SUM(C18:AL18) -> 9000
B19: Trial-site deployment / installation | C19: 0 | D19: 0 | E19: 0 | F19: 800 | G19: 800 | H19: 800 | I19: 800 | J19: 800 | K19: 800 | L19: 800 | M19: 800 | N19: 800 | O19: 800 | P19: 0 | Q19: 0 | R19: 0 | S19: 0 | T19: 0 | U19: 0 | V19: 0 | W19: 0 | X19: 0 | Y19: 0 | Z19: 0 | AA19: 0 | AB19: 0 | AC19: 0 | AD19: 0 | AE19: 0 | AF19: 0 | AG19: 0 | AH19: 0 | AI19: 0 | AJ19: 0 | AK19: 0 | AL19: 0 | AM19: =SUM(C19:AL19) -> 0
B20: Rent Office / Lab | C20: 1800 | D20: 1800 | E20: 1800 | F20: 1800 | G20: 1800 | H20: 1800 | I20: 1800 | J20: 1800 | K20: 1800 | L20: 1800 | M20: 1800 | N20: 1800 | O20: 1800 | P20: 1800 | Q20: 1800 | R20: 1800 | S20: 1800 | T20: 1800 | U20: 1800 | V20: 1800 | W20: 1800 | X20: 1800 | Y20: 1800 | Z20: 1800 | AA20: 1800 | AB20: 1800 | AC20: 1800 | AD20: 1800 | AE20: 1800 | AF20: 1800 | AG20: 1800 | AH20: 1800 | AI20: 1800 | AJ20: 1800 | AK20: 1800 | AL20: 1800 | AM20: =SUM(C20:AL20) -> 64800
B21: Repairs and maintenance | C21: 200 | D21: 200 | E21: 200 | F21: 200 | G21: 200 | H21: 200 | I21: 200 | J21: 200 | K21: 200 | L21: 200 | M21: 200 | N21: 200 | O21: 200 | P21: 200 | Q21: 200 | R21: 200 | S21: 200 | T21: 200 | U21: 200 | V21: 200 | W21: 200 | X21: 200 | Y21: 200 | Z21: 200 | AA21: 200 | AB21: 200 | AC21: 200 | AD21: 200 | AE21: 200 | AF21: 200 | AG21: 200 | AH21: 200 | AI21: 200 | AJ21: 200 | AK21: 200 | AL21: 200 | AM21: =SUM(C21:AL21) -> 0
B22: Oversea Travelling | C22: 300 | D22: 300 | E22: 300 | F22: 500 | G22: 500 | H22: 500 | I22: 3000 | J22: 500 | K22: 500 | L22: 500 | M22: 500 | N22: 500 | O22: 3000 | P22: 300 | Q22: 300 | R22: 300 | S22: 300 | T22: 300 | U22: 2800 | V22: 300 | W22: 300 | X22: 300 | Y22: 300 | Z22: 300 | AA22: 2800 | AB22: 300 | AC22: 300 | AD22: 300 | AE22: 300 | AF22: 300 | AG22: 2800 | AH22: 300 | AI22: 300 | AJ22: 300 | AK22: 300 | AL22: 300 | AM22: =SUM(C22:AL22) -> 12000
... B25: Miscellaneous | C25: 400 | D25: 400 | E25: 400 | F25: 400 | G25: 400 | H25: 7400 | I25: 400 | J25: 400 | K25: 400 | L25: 400 | M25: 400 | N25: 400 | O25: 400 | P25: 400 | Q25: 400 | R25: 400 | S25: 400 | T25: 7400 | U25: 400 | V25: 400 | W25: 400 | X25: 400 | Y25: 400 | Z25: 400 | AA25: 400 | AB25: 400 | AC25: 400 | AD25: 400 | AE25: 400 | AF25: 7400 | AG25: 400 | AH25: 400 | AI25: 400 | AJ25: 400 | AK25: 400 | AL25: 400 | AM25: =SUM(C25:AL25) -> 7200
B26: Total Expenses | C26: =SUM(C11:C25) -> 12400 | D26: =SUM(D11:D25) -> 12400 | E26: =SUM(E11:E25) -> 13400 | F26: =SUM(F11:F25) -> 59400 | G26: =SUM(G11:G25) -> 5400 | H26: =SUM(H11:H25) -> 2900 | I26: =SUM(I11:I25) -> 2900 | J26: =SUM(J11:J25) -> 2900 | ... AM26: =SUM(AM11:AM25) -> 303900
AM27: =SUM(C27:AL27) -> 0
B28: Other project / administrative costs | AM28: =SUM(C28:AL28) -> 0
B29: IP / patent / technical filing allowance | C29: 0 | D29: 0 | E29: 0 | F29: 0 | G29: 0 | H29: 7000 | I29: 0 | J29: 0 | K29: 0 | L29: 0 | M29: 0 | N29: 0 | O29: 0 | P29: 0 | Q29: 0 | R29: 0 | S29: 0 | T29: 7000 | U29: 0 | V29: 0 | W29: 0 | X29: 0 | Y29: 0 | Z29: 0 | AA29: 0 | AB29: 0 | AC29: 0 | AD29: 0 | AE29: 0 | AF29: 7000 | AG29: 0 | AH29: 0 | AI29: 0 | AJ29: 0 | AK29: 0 | AL29: 0 | AM29: =SUM(C29:AL29) -> 81000
B30: Corporate income tax provision (not modelled before profit) | C30: 0 | D30: 0 | E30: 0 | F30: 0 | G30: 0 | H30: 0 | I30: 0 | J30: 0 | K30: 0 | L30: 0 | M30: 0 | N30: 0 | O30: 0 | P30: 0 | Q30: 0 | R30: 0 | S30: 0 | T30: 0 | U30: 0 | V30: 0 | W30: 0 | X30: 0 | Y30: 0 | Z30: 0 | AA30: 0 | AB30: 0 | AC30: 0 | AD30: 0 | AE30: 0 | AF30: 0 | AG30: 0 | AH30: 0 | AI30: 0 | AJ30: 0 | AK30: 0 | AL30: 0 | AM30: =SUM(C30:AL30) -> 0
B31: Corporate secretary / annual filings | C31: 100 | D31: 100 | E31: 100 | F31: 100 | G31: 100 | H31: 100 | I31: 100 | J31: 100 | K31: 100 | L31: 100 | M31: 100 | N31: 100 | O31: 100 | P31: 100 | Q31: 100 | R31: 100 | S31: 100 | T31: 100 | U31: 100 | V31: 100 | W31: 100 | X31: 100 | Y31: 100 | Z31: 100 | AA31: 100 | AB31: 100 | AC31: 100 | AD31: 100 | AE31: 100 | AF31: 100 | AG31: 100 | AH31: 100 | AI31: 100 | AJ31: 100 | AK31: 100 | AL31: 100 | AM31: =SUM(C31:AL31) -> 0
B32: Banking / payment administration | C32: 100 | D32: 100 | E32: 100 | F32: 100 | G32: 100 | H32: 100 | I32: 100 | J32: 100 | K32: 100 | L32: 100 | M32: 100 | N32: 100 | O32: 100 | P32: 100 | Q32: 100 | R32: 100 | S32: 100 | T32: 100 | U32: 100 | V32: 100 | W32: 100 | X32: 100 | Y32: 100 | Z32: 100 | AA32: 100 | AB32: 100 | AC32: 100 | AD32: 100 | AE32: 100 | AF32: 100 | AG32: 100 | AH32: 100 | AI32: 100 | AJ32: 100 | AK32: 100 | AL32: 100 | AM32: =SUM(C32:AL32) -> 0
B33: Total Other Project / Administrative Costs | C33: =SUM(C29:C32) -> 0 | D33: =SUM(D29:D32) -> 0 | E33: =SUM(E29:E32) -> 0 | F33: =SUM(F29:F32) -> 0 | G33: =SUM(G29:G32) -> 0 | H33: =SUM(H29:H32) -> 20000 | I33: =SUM(I29:I32) -> 0 | J33: =SUM(J29:J32) -> 0 | ... AM33: =SUM(AM29:AM32) -> 81000
B34: Total Operating Expenses | C34: =+C33+C26 -> 12400 | D34: =+D33+D26 -> 12400 | E34: =+E33+E26 -> 13400 | F34: =+F33+F26 -> 59400 | G34: =+G33+G26 -> 5400 | H34: =+H33+H26 -> 22900 | I34: =+I33+I26 -> 2900 | J34: =+J33+J26 -> 2900 | ... AM34: =+AM33+AM26 -> 384900
B35: =+B9 -> Cash Flow Plan 36 Months. | C35: =C9 -> Month 1 | D35: =D9 -> Month 2 | E35: =E9 -> Month 3 | F35: =F9 -> Month 4 | G35: =G9 -> Month 5 | H35: =H9 -> Month 6 | I35: =I9 -> Month 7 | J35: =J9 -> Month 8 | ... AM35: =AM9 -> Total for Month 36
B36: Customer receipts (not modelled in funding-only case) | C36: 0 | D36: 0 | E36: 0 | F36: 0 | G36: 0 | H36: 0 | I36: 0 | J36: 0 | K36: 0 | L36: 0 | M36: 0 | N36: 0 | O36: 0 | P36: 0 | Q36: 0 | R36: 0 | S36: 0 | T36: 0 | U36: 0 | V36: 0 | W36: 0 | X36: 0 | Y36: 0 | Z36: 0 | AA36: 0 | AB36: 0 | AC36: 0 | AD36: 0 | AE36: 0 | AF36: 0 | AG36: 0 | AH36: 0 | AI36: 0 | AJ36: 0 | AK36: 0 | AL36: 0
B37: Total Manpower & related Expenses. (From Sheet Two) | C37: =Payroll!B22 -> 19200 | D37: =Payroll!C22 -> 33200 | E37: =Payroll!D22 -> 33200 | F37: =Payroll!E22 -> 33200 | G37: =Payroll!F22 -> 33100 | H37: =Payroll!G22 -> 33800 | I37: =Payroll!H22 -> 36800 | J37: =Payroll!I22 -> 31800 | ... AM37: =Payroll!AL22 -> 1275950
B39: Resources Requirements For Each Month $ | C39: =C36-(C34+C37) -> -31600 | D39: =D36-(D34+D37) -> -45600 | E39: =E36-(E34+E37) -> -46600 | F39: =F36-(F34+F37) -> -92600 | G39: =G36-(G34+G37) -> -38500 | H39: =H36-(H34+H37) -> -56700 | I39: =I36-(I34+I37) -> -39700 | J39: =J36-(J34+J37) -> -34700 | ... AM39: =AM36-(AM34+AM37) -> -1660850
B41: Total Resources Requirements Cumulative Cash Flow $ | C41: =C39 -> -31600 | D41: =C41+D39 -> -77200 | E41: =D41+E39 -> -123800 | F41: =E41+F39 -> -216400 | G41: =F41+G39 -> -254900 | H41: =G41+H39 -> -311600 | I41: =H41+I39 -> -351300 | J41: =I41+J39 -> -386000 | K41: =J41+K39 -> -430200 | ... AL41: =AK41+AL39 -> -1660850 | AM41: To confirm validity of your work - Amount in Cell AL39 should be same as in Cell AM37.
B42: To confirm validity of your work - Amount in Cell AL39 should be same as in Cell AM37.
B43: Total New Funding Available in the Month $ | C43: 100000 | D43: 0 | E43: 0 | F43: 0 | G43: 0 | H43: 50000 | I43: 0 | J43: 0 | K43: 0 | L43: 0 | M43: 0 | N43: 250000 | O43: 0 | P43: 0 | Q43: 0 | R43: 0 | S43: 0 | T43: 0 | U43: 0 | V43: 0 | W43: 0 | X43: 0 | Y43: 0 | Z43: 250000 | AA43: 0 | AB43: 0 | AC43: 0 | AD43: 0 | AE43: 0 | AF43: 0 | AG43: 0 | AH43: 0 | AI43: 0 | AJ43: 0 | AK43: 0 | AL43: 0
B44: Name of the Grant / Sources of the Grant | C44: Founder equity (illustrative) | H44: Unconfirmed grant scenario | N44: External equity target (illustrative) | T44: Narration / Type of Funding. XXXXXX | Z44: Follow-on equity / grant target (illustrative)
B45: Total Cumulative Funding Available upto this Month $ | C45: =C43 -> 300000 | D45: =C45+D43 -> 300000 | E45: =D45+E43 -> 300000 | F45: =E45+F43 -> 300000 | G45: =F45+G43 -> 300000 | H45: =G45+H43 -> 300000 | I45: =H45+I43 -> 300000 | J45: =I45+J43 -> 300000 | K45: =J45+K43 -> 300000 | ... AL45: =AK45+AL43 -> 800000
B46: Cumulative Cash at end of each Month. (If it is negative - you have to relook at your costs and its timing) | C46: =C45+C41 -> 268400 | D46: =D45+D41 -> 222800 | E46: =E45+E41 -> 176200 | F46: =F45+F41 -> 83600 | G46: =G45+G41 -> 45100 | H46: =H45+H41 -> -11600 | I46: =I45+I41 -> -51300 | J46: =J45+J41 -> -86000 | ... AL46: =AL45+AL41 -> -860850
B47: Assumptions: no revenue or customer COGS modelled; cash inflows are funding only. Ten reusable trial systems (S$15,000 total) are purchased in Month 1; ten trial-site deployments (S$800 each) occur in Months 4-13; local trial travel and prototype testing/tweaking support are included. Staffing ramp: Indonesia outsourced developer Month 7, Singapore implementation/customer-success Month 19, Singapore sales/operations Month 25. Costs are unvalidated planning estimates and require supplier quotes.
